 Dungeon Crawl Stone Soup version 0.20-a0-823-gdec668e (webtiles) character file.

137 Aksej the Chopper (level 5, -3/36 HPs)
             Began as an Octopode Monk on Mar 5, 2017.
             Slain by an orc
             ... wielding a +0 short sword
              (4 damage)
             ... on level 3 of the Dungeon on Mar 6, 2017.
             The game lasted 00:06:11 (1481 turns).

Aksej the Chopper (Octopode Monk)                   Turns: 1481, Time: 00:06:12

Health: -3/36      AC:  1    Str: 10    XL:     5   Next: 20%
Magic:  5/5        EV: 15    Int: 12    God:
Gold:   189        SH:  0    Dex: 16    Spells: 4/4 levels left

rFire    . . .     SeeInvis .   a - +1 hand axe
rCold    . . .     Gourm    .   (no shield)
rNeg     . . .     Faith    .   (helmet restricted)
rPois    .         Spirit   .   (no amulet)
rElec    .         Reflect  .   (no ring)
rCorr    .         Harm     .   (no ring)
MR       .....                  (no ring)
Stlth    ++++......             (no ring)
Regen    0.2/turn               (no ring)
MPRegen  0.1/turn               (no ring)
                                (no ring)
                                (no ring)

@: no status effects
A: almost no armour, stealthy swim, amphibious, 8 rings, constrict 8, camouflage
1, gelatinous body 1
a: no special abilities


You were on level 3 of the Dungeon.
You were not hungry.

You visited 1 branch of the dungeon, and saw 3 of its levels.

You collected 189 gold pieces.

Inventory:

Hand Weapons
 a - a +1 hand axe (weapon)
Missiles
 l - 3 javelins (quivered)
Jewellery
 h - an uncursed ring of flight
Scrolls
 e - 2 scrolls of teleportation
Comestibles
 b - 4 bread rations
 d - 4 chunks of flesh
 g - a royal jelly
 i - 2 meat rations


   Skills:
 + Level 3.4 Fighting
 * Level 4.5 Axes
 * Level 3.8 Dodging
 + Level 3.6 Stealth


You had 4 spell levels left.
You didn't know any spells.

Dungeon Overview and Level Annotations

Branches:
Dungeon (3/15)

Altars:
Ashenzari
Gozag
Okawaru


Innate Abilities, Weirdness & Mutations

You cannot wear most types of armour.
You are very stealthy in the water. (Stealth+)
You are amphibious.
You can wear up to eight rings at the same time.
You can use your tentacles to constrict eight enemies at once.
Your skin changes colour to match your surroundings (Stealth+).
Your rubbery body absorbs attacks. (AC +1, EV +1)


Message History

You closely miss the orc. The jackal bites you.
* * * LOW HITPOINT WARNING * * *
The orc hits you with a short sword.
* * * LOW HITPOINT WARNING * * *
The jackal misses you.
The orc wizard hits you but does no damage.
The kobold hits you.
* * * LOW HITPOINT WARNING * * *
The jackal completely misses you. The orc closely misses you.
A rat comes into view.
Unknown command.
You aren't carrying any potions.
You miss the orc wizard. Your grab misses the orc wizard.
The orc wizard is moderately wounded.
You hit the orc but do no damage. You hit the jackal but do no damage.
You hit the kobold. You barely miss the orc.
You hit the jackal but do no damage. You hit the orc.
You kill the orc!
The jackal closely misses you. The orc hits you with a short sword.
You die...

r. #.# # .. .#
# ###.###.#
#.#.....#.#
#......o..#
#.....o)h.#
#.....o@o.#
#.?....hK.#
#.........l..
..######.##....
. .. ... ..# ..
#.# . ..


You could see an orc wizard, 3 orcs, a leopard gecko, 2 jackals, a kobold and a
rat.

Vanquished Creatures
  Crazy Yiuf (D:2)
  Jessica (D:2)
  2 adders (D:2)
  An ooze (D:1)
  A worm (D:2)
  2 dart slugs
  4 leopard geckos
  An orc (D:3)
  2 giant cockroaches (D:1)
  4 goblins
  6 hobgoblins
  2 jackals (D:3)
  A quokka (D:2)
  3 ball pythons
  5 bats
  3 frilled lizards
  4 kobolds
  6 rats
  A fungus (D:1)
50 creatures vanquished.

Notes
Turn   | Place    | Note
-------+----------+-------------------------------------------
     0 | D:1      | Aksej the Octopode Monk began the quest for the Orb.
     0 | D:1      | Reached XP level 1. HP: 16/16 MP: 1/1
   100 | D:1      | Reached XP level 2. HP: 11/21 MP: 2/2
   542 | D:1      | Reached XP level 3. HP: 21/26 MP: 3/3
   757 | D:2      | Noticed Jessica
   765 | D:2      | Killed Jessica
   767 | D:2      | Reached XP level 4. HP: 6/31 MP: 4/4
   793 | D:2      | Found an iron altar of Okawaru.
   815 | D:2      | Reached skill level 4 in Axes
  1003 | D:2      | Found an opulent altar of Gozag.
  1007 | D:2      | Found a shattered altar of Ashenzari.
  1162 | D:2      | Found a runed door.
  1238 | D:2      | Noticed Crazy Yiuf
  1246 | D:2      | Killed Crazy Yiuf
  1246 | D:2      | Reached XP level 5. HP: 17/36 MP: 0/5
  1480 | D:3      | HP: 1/36 [kobold (1)]
  1481 | D:3      | Slain by an orc

Vault maps used:
D:1:      erik_arrival_blinker_ship, minmay_gold_behind_fungi,
          hangedman_abyss_or_decor_lesser_grid
D:2:      chequers_temple_overflow_statue_of_worship, serial_bayou_pond_e,
          okawaru_gym_becter, uniq_jessica, uniq_crazy_yiuf_cottage

Skill      XL: |  1  2  3  4 |
---------------+-------------+-----
Stealth        | 3 |  3.6
Axes           | 4 |  4.5
Fighting       | |  3.4
Dodging        | |  3.8

Action                   |  1- 3 |  4- 6 || total
-------------------------+-------+-------++-------
Melee: Hand axe          |    60 |    54 ||   114
       Constrict         |    18 |    15 ||    33
       Tentacles         |    10 |    13 ||    23
  Use: Scroll            |     4 |     3 ||     7
       Potion            |     1 |     3 ||     4
 Stab: Sleeping          |     5 |     5 ||    10
  Eat: Chunk             |       |     2 ||     2
Armor: Skin              |     1 |     6 ||     7
Dodge: Dodged            |    34 |    67 ||   101
